 Dungeon Crawl Stone Soup version 0.29.0-5-ge4962eb29e (webtiles) character file.

Game seed: 1339068772083708701

58 themarg the Shield-Bearer (level 4, -11/38 HPs)
             Began as a Gnoll Wanderer on Aug 28, 2022.
             Mangled by Terence
             ... wielding a +0 morningstar
              (15 damage)
             ... on level 2 of the Dungeon.
             The game lasted 00:03:34 (1403 turns).

themarg the Shield-Bearer (Gnoll Wanderer)          Turns: 1403, Time: 00:03:34

Health: -11/38     AC:  2    Str: 10    XL:     4   Next: 2%
Magic:  8/8        EV: 12    Int: 12    God:
Gold:   66         SH:  5    Dex: 14    Spells: 7/8 levels left

rFire   . . .      SeeInvis .   h - +2 dagger (venom)
rCold   . . .      Faith    .   b - +0 buckler
rNeg    . . .      Spirit   .   d - +0 robe
rPois   .          Reflect  .   (no helmet)
rElec   .          Harm     .   (no cloak)
rCorr   .          Rampage  .   (no gloves)
Will    .....                   (no boots)
Stlth   ++........              (no amulet)
HPRegen 0.12/turn               (no ring)
MPRegen 0.11/turn               (no ring)

@: no status effects
A: fangs 1, strong nose, distributed training
a: no special abilities


You were on level 2 of the Dungeon.
You visited 1 branch of the dungeon, and saw 2 of its levels.

You collected 66 gold pieces.

Inventory:

Hand Weapons
 h - a +2 dagger of venom (weapon)
 l - a +1 dagger of draining
Armour
 b - a +0 buckler (worn)
 d - a +0 robe (worn)
Scrolls
 i - a scroll of amnesia {unknown}
 j - a scroll of teleportation {unknown}
 k - 2 scrolls of identify {unknown}
 m - a scroll of fog {unknown}
Potions
 a - a potion of cancellation {unknown}
 c - a potion of lignification
 e - a potion of haste {unknown}
 f - a potion of degeneration {unknown}
 g - a potion of resistance {unknown}


   Skills:
 + Level 4.6 Fighting
 + Level 4.6 Short Blades
 + Level 1.0 Long Blades
 + Level 1.0 Axes
 + Level 1.0 Maces & Flails
 + Level 1.0 Polearms
 + Level 1.0 Staves
 + Level 1.0 Ranged Weapons
 + Level 1.0 Throwing
 + Level 1.0 Armour
 + Level 2.7 Dodging
 + Level 1.0 Stealth
 + Level 4.6 Shields
 + Level 1.0 Unarmed Combat
 + Level 2.9 Spellcasting
 + Level 0.8 Conjurations
 + Level 0.8 Hexes
 + Level 0.8 Summonings
 + Level 0.8 Necromancy
 + Level 0.8 Translocations
 + Level 0.8 Transmutations
 + Level 0.8 Fire Magic
 + Level 0.8 Ice Magic
 + Level 0.8 Air Magic
 + Level 3.8 Earth Magic
 + Level 0.8 Poison Magic
 + Level 1.1 Invocations
 + Level 1.0 Evocations


You had 7 spell levels left.
You knew the following spells:

 Your Spells              Type           Power      Damage    Failure   Level
a - Sandblast             Erth           20%        2d7       7%          1

Your spell library contained the following spells:

 Spells                   Type           Power      Damage    Failure   Level
 Sting                    Tmut/Pois      12%        1d3       22%         1
 Poisonous Vapours        Pois/Air       6%         N/A       34%         2
 Stone Arrow              Conj/Erth      14%        3d7       36%         3
 Leda's Liquefaction      Hex/Erth       3%         N/A       77%         4
 Olgreb's Toxic Radiance  Pois           3%         N/A       92%         4


Dungeon Overview and Level Annotations

Branches:
Dungeon (2/15)

Altars:

Annotations:
D:2 Terence


Innate Abilities, Weirdness & Mutations

You have very sharp teeth.
Your uncanny sense of smell can sniff out nearby items.
Your experience applies equally to all skills.


Message History

The iron imp disappears in a puff of smoke!
Your life force feels restored.
Your Long Blades skill increases to level 1!
Your Axes skill increases to level 1!
Your Maces & Flails skill increases to level 1!
Your Polearms skill increases to level 1!
Your Staves skill increases to level 1!
Your Ranged Weapons skill increases to level 1!
Your Throwing skill increases to level 1!
Your Armour skill increases to level 1!
Your Stealth skill increases to level 1!
Your Unarmed Combat skill increases to level 1!
Your Evocations skill increases to level 1!
You have reached level 4!
You feel stronger.
You start resting.
HP restored.
Found a scroll labelled NODOYTZURYV.
k - 2 scrolls labelled XUIKAO PIGHETI (gained 1)
m - a scroll labelled NODOYTZURYV Terence hits you with a +0 morningstar!
You hit Terence but do no damage.
Terence is poisoned.
Terence hits you with a +0 morningstar!
You completely miss Terence. Terence closely misses you.
You closely miss Terence. You hit Terence. You bite Terence, but do no damage.
Terence is lightly wounded.
You block Terence's attack.
You hit Terence but do no damage.
Terence looks as sick as possible!
Terence is lightly wounded.
You block Terence's attack.
You hit Terence.
Terence looks as sick as possible!
Your bite misses Terence.
Terence is heavily wounded.
Terence hits you with a +0 morningstar.
You closely miss Terence. You bite Terence, but do no damage.
Terence is heavily wounded.
Terence hits you with a +0 morningstar!
* * * LOW HITPOINT WARNING * * *
Terence attacks as you move away! Terence hits you with a +0 morningstar!
You die...

......# #.#.#.#.####.#?.
......# #.....#.........
......###....###.$.....#
......##...#.# #..#...##
......<..#.#.# #....#...
.......###.#.###.#..# ##
......#....#.#......#
......#.####.#......###
................@@....#
.............##.###.#..#
####..<......##.# #
###............#
#............##.#
#............#..#
#............#.##
#............#.
####...........


You could see Terence (extremely poisoned).

Vanquished Creatures
  Natasha (D:2)
  A dart slug (D:2)
  A ball python (D:1)
  4 endoplasms (D:1)
  2 giant cockroaches (D:1)
  3 goblins
  3 hobgoblins (D:1)
  3 jackals (D:1)
  A quokka (D:1)
  2 bats (D:1)
  2 frilled lizards (D:1)
  2 kobolds (D:1)
  4 rats (D:1)
29 creatures vanquished.

Notes
Turn   | Place    | Note
-------+----------+-------------------------------------------
     0 | D:1      | themarg the Gnoll Wanderer began the quest for the Orb.
     0 | D:1      | themarg set off with the following items: a +0 short sword,
                  | a +0 buckler, a potion of lignification, a +0 robe; and the
                  | following spell memorised: Sandblast; and the following
                  | spells available to memorise: Stone Arrow, Leda's
                  | Liquefaction.
     0 | D:1      | Reached XP level 1. HP: 20/20 MP: 4/4
   199 | D:1      | Reached XP level 2. HP: 25/26 MP: 5/5
   731 | D:1      | Found a faded altar of an unknown god.
   758 | D:1      | Reached XP level 3. HP: 31/31 MP: 7/7
  1265 | D:2      | Reached skill level 1 in Invocations
  1299 | D:2      | Noticed Terence
  1312 | D:2      | Noticed Natasha
  1319 | D:2      | Killed Natasha
  1320 | D:2      | Reached skill level 1 in Long Blades
  1320 | D:2      | Reached skill level 1 in Axes
  1320 | D:2      | Reached skill level 1 in Maces & Flails
  1320 | D:2      | Reached skill level 1 in Polearms
  1320 | D:2      | Reached skill level 1 in Staves
  1320 | D:2      | Reached skill level 1 in Ranged Weapons
  1320 | D:2      | Reached skill level 1 in Throwing
  1320 | D:2      | Reached skill level 1 in Armour
  1320 | D:2      | Reached skill level 1 in Stealth
  1320 | D:2      | Reached skill level 1 in Unarmed Combat
  1320 | D:2      | Reached skill level 1 in Evocations
  1320 | D:2      | Reached XP level 4. HP: 30/38 MP: 8/8
  1403 | D:2      | Mangled by Terence

Illustrated notes

Levels and vault maps discovered:
D:1:      minmay_arrival_semitransparent, layout_basic, basic_ecumenical_altar,
          serial_forest, infiniplex_forest_lined_room_3,
          infiniplex_forest_lined_corner, infiniplex_forest_lined_room_2,
          infiniplex_forest_end_double, infiniplex_forest_zigzag_2,
          infiniplex_forest_lined_3, infiniplex_forest_straight_4,
          infiniplex_forest_end_1, infiniplex_forest_split,
          infiniplex_forest_end_3, nrook_loot_triangle
D:2:      layout_rooms, serial_glass, glass_columns_b, glass_columns_a,
          glass_columns_a, glass_columns_a, uniq_natasha, uniq_terence

Skill      XL: |  1  2  3 |
---------------+----------+-----
Invocations    | 1 |  1.1
Long Blades    | 1 |  1.0
Axes           | 1 |  1.0
Maces & Flails | 1 |  1.0
Polearms       | 1 |  1.0
Staves         | 1 |  1.0
Ranged Weapons | 1 |  1.0
Throwing       | 1 |  1.0
Armour         | 1 |  1.0
Stealth        | 1 |  1.0
Unarmed Combat | 1 |  1.0
Evocations     | 1 |  1.0
Fighting       | |  4.6
Short Blades   | |  4.6
Dodging        | |  2.7
Shields        | |  4.6
Spellcasting   | |  2.9
Conjurations   | |  0.8
Hexes          | |  0.8
Summonings     | |  0.8
Necromancy     | |  0.8
Translocations | |  0.8
Transmutations | |  0.8
Fire Magic     | |  0.8
Ice Magic      | |  0.8
Air Magic      | |  0.8
Earth Magic    | |  3.8
Poison Magic   | |  0.8

Action                   |  1- 3 |  4- 6 || total
-------------------------+-------+-------++-------
Melee: Short sword       |    33 |       ||    33
       Dagger            |    47 |     7 ||    54
       Bite              |     5 |     2 ||     7
 Stab: Sleeping          |     2 |       ||     2
Armor: Robe              |    11 |       ||    11
Dodge: Dodged            |    32 |     1 ||    33
Block: Buckler           |     9 |     2 ||    11
